Map: Radhuset Station LE

Players

Subwayeatn - Winner!

  • Race: Zerg Zerg
  • League: Diamond
  • Spawn Location: 7:00

WutangBoogie

  • Race: Terran Terran
  • League: Platinum
  • Spawn Location: 1:00

VOD

Have the link to the VOD?

Description

Time

  • Played on: Nov. 15, 2023, 5:49 p.m.
  • Length: 5:57
Show
View Real Time Build Order
Export as new Build Order

Subwayeatn Zerg - Winner!

Build Orders: Hatch First 

Get SALT Encoding   

  12  0:00  Drone  
  13  0:12  Overlord  
  13  0:18  Drone  
  14  0:30  Drone x2  
  14  0:34  Drone  
  17  0:44  Extractor  
  17  0:46  Drone  
  17  0:57  Hatchery  
  17  1:03  Drone  
  17  1:17  Spawning Pool  
  16  1:21  Drone  
  16  1:25  Drone  
  18  1:31  Drone  
  19  1:40  Overlord  
  19  1:49  Drone  
  20  2:03  Lair  
  20  2:07  Drone  
  21  2:09  Queen  
  21  2:14  Zergling x4  
  25  2:22  Metabolic Boost  
  25  2:26  Zergling x2  
  25  2:27  Zergling x2  
  27  2:31  Zergling x2  
  27  2:34  Zergling x2  
  28  2:43  Drone x2  
  29  2:59  Drone  
  29  3:00  Drone  
  29  3:01  Queen  
  33  3:18  Queen  
  35  3:25  Nydus Network  
  34  3:36  Zergling x4  
  36  3:45  Overlord  
  36  3:49  Overlord  
  36  3:58  Burrow  
  36  4:03  Queen  
  36  4:07  Zergling x14  
  36  4:08  Zergling x2  
  46  4:11  Zergling x2  
  47  4:29  Nydus Canal  
  41  5:21  Zergling x22  
Show
View Real Time Build Order
Export as new Build Order

WutangBoogie Terran 

Build Orders: Reaper Expand 

Get SALT Encoding   

  12  0:00  SCV  
  13  0:12  SCV  
  14  0:17  Supply Depot  
  14  0:24  SCV  
  15  0:39  SCV  
  15  0:40  Barracks  
  16  0:44  Refinery  
  16  0:51  SCV  
  17  1:03  SCV  
  18  1:15  SCV  
  19  1:27  Orbital Command, Reaper  
  20  1:41  Command Center  
  20  1:51  Supply Depot  
  20  1:55  SCV  
  20  2:00  Marine  
  22  2:07  SCV  
  23  2:16  Factory  
  23  2:19  SCV  
  24  2:23  Barracks Reactor  
  24  2:31  SCV  
  25  2:47  Refinery  
  25  2:57  Orbital Command  
  25  2:59  Supply Depot  
  25  3:06  Starport, SCV  
  26  3:14  Barracks Tech Lab  
  26  3:18  Hellion x2, SCV  
  31  3:23  SCV  
  31  3:25  Supply Depot  
  31  3:31  SCV  
  32  3:37  Barracks  
  32  3:39  Barracks  
  32  3:43  SCV x2  
  32  3:48  Supply Depot  
  34  3:51  Hellion  
  34  3:55  SCV x2  
  37  3:56  Hellion  
  40  4:03  Marine  
  40  4:05  Viking  
  40  4:07  SCV  
  44  4:12  Supply Depot  
  44  4:18  Hellion  
  46  4:25  Barracks Reactor  
  46  4:26  Barracks Tech Lab  
  46  4:27  SCV x2  
  46  4:29  Marine  
  46  4:30  Widow Mine  
  51  4:39  Engineering Bay, SCV  
  51  4:42  Engineering Bay, SCV  
  51  4:45  Widow Mine  
  55  4:59  Marine x2  
  54  5:01  Widow Mine  
  23  5:16  Marine x2  
  23  5:17  Marine, Widow Mine  
Tags
 
Add a new tag
Caveats
  • Supply blocks, unpowered buildings, or Contaminate may cause inaccurate times.
  • Supply counts are checked every 10 seconds.